 Dungeon Crawl Stone Soup version 0.22-a0-355-g201945f (webtiles) character file.

7366 galech the Grappler (level 10, -6/106 HPs)
             Began as a Troll Monk on Apr 17, 2018.
             Was a High Priest of Okawaru.
             Mangled by a sun demon (23 damage)
             ... summoned by an orc sorcerer
             ... while paralysed by an orc sorcerer
             ... on level 1 of the Orcish Mines.
             The game lasted 00:10:50 (7157 turns).

galech the Grappler (Troll Monk)                    Turns: 7157, Time: 00:10:50

Health: -6/106     AC:  7    Str: 26    XL:     10   Next: 91%
Magic:  8/9        EV:  1    Int:  6    God:    Okawaru [*****.]
Gold:   522        SH:  0    Dex: 14    Spells: 9/9 levels left

rFire    . . .     SeeInvis +     - Unarmed
rCold    . . .     Gourm    +   (no shield)
rNeg     . . .     Faith    .   G - +0 troll leather armour
rPois    .         Spirit   .   (helmet restricted)
rElec    +         Reflect  .   (no cloak)
rCorr    .         Harm     .   (gloves unavailable)
MR       .....                  (boots unavailable)
Stlth    +.........             D - amulet of regeneration
HPRegen  1.47/turn              a - ring "Bamojaos" {rElec Str+2 Dex+2 Slay+3 SInv}
MPRegen  0.11/turn              u - +5 ring of evasion

@: paralysed
A: large, unfitting armour, claws 3, fast metabolism 3, gourmand, regeneration
1, shaggy fur 1, tough skin 2
a: Heroism, Finesse, Renounce Religion


You were on level 1 of the Orcish Mines.
You worshipped Okawaru.
Okawaru was extremely pleased with you.
You were completely stuffed.

You visited 3 branches of the dungeon, and saw 12 of its levels.

You collected 522 gold pieces.

Inventory:

Hand Weapons
 H - the +4 giant club of Foen {crush, rElec rF+ Str+4}
   (Okawaru gifted it to you on level 9 of the Dungeon)

   It inflicts extra damage upon your enemies.
   It affects your strength (+4).
   It protects you from fire.
   It insulates you from electricity.
Armour
 G - a +0 troll leather armour (worn)
Jewellery
 a - the ring "Bamojaos" (left claw) {rElec Str+2 Dex+2 Slay+3 SInv}
   (You found it on level 9 of the Dungeon)

   [ring of see invisible]

   It affects your strength (+2).
   It affects your dexterity (+2).
   It affects your accuracy and damage with ranged weapons and melee attacks
   (+3).
   It insulates you from electricity.
   It lets you see invisible.
 j - an uncursed ring of poison resistance
 t - an uncursed ring of magical power
 u - a +5 ring of evasion (right claw)
 C - an uncursed ring of stealth
 D - an amulet of regeneration (around neck)
Wands
 d - a wand of enslavement (10)
 y - a wand of paralysis (19)
Scrolls
 c - a scroll of enchant armour
 e - 2 scrolls of teleportation
 f - 7 scrolls of remove curse
 h - 2 scrolls of enchant weapon
 i - 3 scrolls of fog
 o - 2 scrolls of immolation
 q - 3 scrolls of random uselessness
 r - a scroll of noise
 v - 2 scrolls of amnesia {unknown}
 A - a scroll of identify
 B - a scroll of fear {unknown}
Potions
 g - a potion of magic {unknown}
 k - 2 potions of mutation {unknown}
 l - a potion of lignification {unknown}
 m - a potion of cancellation {unknown}
 n - 2 potions of heal wounds {unknown}
 p - 5 potions of curing {unknown}
 s - 2 potions of haste
 w - 2 potions of berserk rage {unknown}
 x - a potion of flight {unknown}
 z - 3 potions of agility {unknown}
 E - a potion of brilliance {unknown}
Comestibles
 b - 21 rations


   Skills:
 + Level 8.6 Fighting
 + Level 8.6 Dodging
 - Level 1.1 Stealth
 + Level 10.2 Unarmed Combat


You had 9 spell levels left.
You didn't know any spells.

Dungeon Overview and Level Annotations

Branches:
Dungeon (10/15)            Temple (1/1) D:6            Lair (0/6) D:8
    Orc (1/2) D:9

Altars:
Cheibriados
Dithmenos
Elyvilon
Fedhas
Gozag
Hepliaklqana
Okawaru
Qazlal
Sif Muna
Trog
Uskayaw
Vehumet
Wu Jian
Xom
Yredelemnul
Zin


Innate Abilities, Weirdness & Mutations

You are too large for most types of armour.
You have claws for hands.
Your metabolism is lightning-fast.
You like to eat raw meat.
Your natural rate of healing is unusually fast.
You are covered in fur. (AC +1)
You have very tough skin. (AC +2)


Message History

You mangle the sun demon!!
The sun demon is moderately wounded.
You feel like a meek peon again. The sun demon hits you!
You are engulfed in flames!
You completely miss the sun demon.
The sun demon is moderately wounded.
The sun demon completely misses you.
You mangle the sun demon!!
The sun demon is severely wounded.
The sun demon hits you!
You are engulfed in flames!
The orc sorcerer gestures at you while chanting.
You suddenly lose the ability to move!
The orc warrior hits you from afar with a trident!
* * * LOW HITPOINT WARNING * * *
The sun demon hits you.
* * * LOW HITPOINT WARNING * * *
You are engulfed in flames!
* * * LOW HITPOINT WARNING * * *
The sun demon hits you!!
You die...

......... #.
.$......# #..
#......## #..##
##.$.....#
.....##.........
#....#o....o...
#....o.o..o....
#....3o#.###...
##...o@###
#.......####
####..<......##
#.............##
##......#.......#
#......###......#
#.......#.....###
##...........##
##^.........#


You could see a sun demon, an orc sorcerer, an orc warrior, an orc wizard and 2
orcs.

Vanquished Creatures
  A two-headed ogre (D:7)
  A hornet (D:8)
  A troll (D:9)
  A spriggan (D:7)
  Grum (D:8)
  Menkaure (D:7)
  Duvessa (D:6)
  9 orc warriors
  2 porcupines (D:8)
  2 sky beasts
  4 ice beasts
  A phantom (D:7)
  4 ogres
  2 black bears (D:8)
  2 wolves (D:8)
  4 centaurs
  Blork the orc (D:5)
  5 big kobolds
  7 bullfrogs
  3 gnoll sergeants (D:9)
  Dowan (D:6)
  4 scorpions
  6 killer bees (D:8)
  3 howler monkeys (D:7)
  6 crimson imps
  A centaur zombie (D:8)
  2 quasits
  A jelly (D:9)
  A gnoll shaman (D:8)
  3 orc priests
  5 hounds
  A bullfrog skeleton (D:6)
  6 iguanas
  4 orc wizards
  7 worker ants
  A hound skeleton (D:4)
  2 hound zombies
  Robin (D:2)
  A howler monkey zombie (D:9)
  12 gnolls
  7 adders
  A howler monkey skeleton (D:10)
  A shadow imp (D:5)
  An ooze (D:4)
  An adder zombie (D:5)
  4 worms (D:2)
  7 leopard geckos
  28 orcs
  5 bats
  9 giant cockroaches
  12 goblins
  5 hobgoblins
  14 jackals
  4 quokkas
  A ball python (D:4)
  A ball python skeleton (D:5)
  2 frilled lizards
  A jackal zombie (D:5)
  11 kobolds
  2 leopard gecko skeletons
  3 rats
  A plant (D:8)
242 creatures vanquished.

Vanquished Creatures (others)
  An orc (D:8)
  4 fungi (D:8)
  A plant (D:8)
6 creatures vanquished.

Grand Total: 248 creatures vanquished

Notes
Turn   | Place    | Note
-------+----------+-------------------------------------------
     0 | D:1      | galech the Troll Monk began the quest for the Orb.
     0 | D:1      | Reached XP level 1. HP: 22/22 MP: 0/0
   227 | D:1      | Reached XP level 2. HP: 29/29 MP: 1/1
   930 | D:2      | Reached XP level 3. HP: 28/36 MP: 2/2
  1115 | D:2      | Reached XP level 4. HP: 45/45 MP: 3/3
  1117 | D:2      | Noticed Robin
  1129 | D:2      | Killed Robin
  1211 | D:2      | Reached skill level 4 in Unarmed Combat
  1363 | D:2      | Found a snail-covered altar of Cheibriados.
  1487 | D:3      | Reached XP level 5. HP: 42/53 MP: 4/4
  1958 | D:4      | Noticed an ice beast
  1968 | D:4      | Killed an ice beast
  1968 | D:4      | Reached XP level 6. HP: 41/62 MP: 5/5
  2249 | D:4      | Reached skill level 5 in Unarmed Combat
  2728 | D:4      | Reached XP level 7. HP: 52/70 MP: 6/6
  3010 | D:5      | Entered Level 5 of the Dungeon
  3031 | D:5      | Noticed Blork the orc
  3039 | D:5      | Killed Blork the orc
  3279 | D:5      | Found a white marble altar of Elyvilon.
  3384 | D:5      | Reached skill level 6 in Unarmed Combat
  3392 | D:5      | Reached skill level 5 in Dodging
  3586 | D:5      | Reached skill level 5 in Fighting
  3586 | D:5      | Reached XP level 8. HP: 80/80 MP: 7/7
  3807 | D:6      | Found a staircase to the Ecumenical Temple.
  3816 | Temple   | Entered the Ecumenical Temple
  3826 | Temple   | Became a worshipper of Warmaster Okawaru
  3826 | Temple   | Reached * piety under Okawaru
  3826 | Temple   | Reached ** piety under Okawaru
  3857 | D:6      | Noticed Duvessa
  3857 | D:6      | Noticed Dowan
  3869 | D:6      | HP: 3/80 [Duvessa/rapier (10)]
  3871 | D:6      | Killed Duvessa
  3874 | D:6      | Killed Dowan
  4303 | D:6      | Reached skill level 7 in Unarmed Combat
  4446 | D:6      | Found an opulent altar of Gozag.
  4448 | D:6      | Found a snail-covered altar of Cheibriados.
  4448 | D:6      | Found a hazy altar of Hepliaklqana.
  4458 | D:6      | Found a glowing silver altar of Zin.
  4458 | D:6      | Found a hide-covered altar of Uskayaw.
  4458 | D:6      | Found a shimmering altar of Xom.
  4637 | D:7      | Noticed Menkaure
  4645 | D:7      | Killed Menkaure
  4714 | D:7      | Reached *** piety under Okawaru
  4716 | D:7      | Reached XP level 9. HP: 89/89 MP: 8/8
  5179 | D:7      | Reached skill level 8 in Unarmed Combat
  5281 | D:7      | Found a bloodstained altar of Trog.
  5406 | D:8      | Reached **** piety under Okawaru
  5435 | D:8      | Found a staircase to the Lair.
  5571 | D:8      | Noticed Grum
  5571 | D:8      | Reached skill level 9 in Unarmed Combat
  5571 | D:8      | Reached XP level 10. HP: 81/102 MP: 9/9
  5580 | D:8      | Killed Grum
  5581 | D:8      | Reached ***** piety under Okawaru
  5845 | D:8      | Noticed a two-headed ogre
  5880 | D:7      | HP: 5/104 [two-headed ogre/giant spiked club (22)]
  5882 | D:7      | Killed a two-headed ogre
  6204 | D:8      | Found an opulent altar of Gozag.
  6307 | D:9      | Found a hazy altar of Hepliaklqana.
  6386 | D:9      | Found a staircase to the Orcish Mines.
  6482 | D:9      | Reached skill level 10 in Unarmed Combat
  6656 | D:9      | Found a basalt altar of Yredelemnul.
  6663 | D:9      | You fall through a shaft!
  6663 | D:10     | Entered Level 10 of the Dungeon
  6833 | D:9      | Got a shimmering tin ring
  6844 | D:9      | Found an ornate altar of the Wu Jian Council.
  6864 | D:9      | Found a blossoming altar of Fedhas.
  6872 | D:9      | Received a gift from Okawaru
  6877 | D:9      | Got a crude giant club {god gift}
  6878 | D:9      | Identified the +4 giant club of Foen {crush, rElec rF+ Str+4} (Okawaru gifted it to you on level 9 of the Dungeon)
  6881 | D:9      | Identified the ring "Bamojaos" {rElec Str+2 Dex+2 Slay+3 SInv} (You found it on level 9 of the Dungeon)
  6890 | D:9      | Found a shadowy altar of Dithmenos.
  7101 | Orc:1    | Entered Level 1 of the Orcish Mines
  7137 | Orc:1    | Noticed an orc sorcerer
  7148 | Orc:1    | Noticed a sun demon
  7155 | Orc:1    | Paralysed by an orc sorcerer for 3 turns
  7157 | Orc:1    | Mangled by a sun demon

Vault maps used:
D:1:      lemuel_arrival_muddy, minmay_hedge_maze
D:2:      marbit_many_paths, first_ration, uniq_robin
D:4:      hangedman_abyss_or_decor_slice
D:5:      elyvilon_altar_5, uniq_blork_the_orc
D:6:      temple_statues, doesnt_xom_only_xom, uniq_duvessa
D:7:      lightli_temple_of_fire, the_bakery, uniq_menkaure
D:8:      nicolae_overflow_crystal_walls, due_lair_maze_entry_diamond,
          minivault_23, uniq_grum
D:9:      old_standard_altar, lemuel_crystal_altar, yredelemnul_altar_generic,
          overflow_temple_1_default, lemuel_crystal_altar,
          kennysheep_orc_monster_closet_entryway
D:10:     serial_shops, nicolae_shop_behind_doors, hangedman_tree_tricks,
          uniq_psyche, uniq_erolcha
Temple:   nicolae_temple_god_jail
Orc:1:    serial_shops

Skill      XL: |  1  2  3  4  5  6  7  8  9 10 |
---------------+-------------------------------+-----
Dodging        | 3 4 5 6 7 8 |  8.6
Fighting       | 3 4 5 6 7 8 |  8.6
Unarmed Combat | 4 5 6 7 9 10 | 10.2
Stealth        | |  1.1

Action                   |  1- 3 |  4- 6 |  7- 9 | 10-12 || total
-------------------------+-------+-------+-------+-------++-------
Melee: Unarmed           |    91 |   156 |   316 |   198 ||   761
       Punch             |     1 |     2 |    14 |    16 ||    33
Invok: Heroism           |       |       |     1 |     3 ||     4
  Use: Scroll            |       |       |     8 |     1 ||     9
 Stab: Sleeping          |     4 |     3 |     3 |     1 ||    11
       Distracted        |     1 |       |       |     1 ||     2
  Eat: Chunk             |    16 |    10 |    31 |    14 ||    71
Armor: Robe              |    38 |    48 |    59 |    13 ||   158
       Troll leather arm |       |       |       |    10 ||    10
Dodge: Dodged            |    57 |    85 |   260 |   187 ||   589

Table legend:
 A = Spawn XP
 B = Non-spawn XP
 C = Spawn XP percentage of total XP
 D = Spawn monster count
 E = Non-spawn monster count
 F = Spawn count percentage of total count
 G = Total turns spent on level
                    A         B        C        D         E        F      G
               +---------+---------+-------+---------+---------+-------+---------
         Total |       0 |   10523 |   0.0 |       0 |     241 |   0.0 |  7157
               +---------+---------+-------+---------+---------+-------+---------
           D:1 |       0 |      32 |   0.0 |       0 |      16 |   0.0 |   901
           D:2 |       0 |     141 |   0.0 |       0 |      32 |   0.0 |   512
           D:3 |       0 |      87 |   0.0 |       0 |      14 |   0.0 |   545
           D:4 |       0 |     563 |   0.0 |       0 |      21 |   0.0 |  1052
           D:5 |       0 |     623 |   0.0 |       0 |      19 |   0.0 |   700
           D:6 |       0 |    1010 |   0.0 |       0 |      30 |   0.0 |   791
           D:7 |       0 |    2112 |   0.0 |       0 |      22 |   0.0 |   898
           D:8 |       0 |    3046 |   0.0 |       0 |      46 |   0.0 |   864
           D:9 |       0 |    2350 |   0.0 |       0 |      28 |   0.0 |   763
          D:10 |       0 |      66 |   0.0 |       0 |       6 |   0.0 |    55
         Orc:1 |       0 |     493 |   0.0 |       0 |       7 |   0.0 |    56
               +---------+---------+-------+---------+---------+-------+---------
